 Dungeon Crawl Stone Soup version 0.20.0-10-g0535bb4 (webtiles) character file.

175 kuniqs the Shield-Bearer (level 5, 0/47 HPs)
             Began as a Minotaur Fighter on June 7, 2017.
             Succumbed to a gnoll's poison
             ... on level 3 of the Dungeon.
             The game lasted 00:01:37 (1323 turns).

kuniqs the Shield-Bearer (Minotaur Fighter)         Turns: 1323, Time: 00:01:37

Health: 0/47       AC:  9    Str: 21    XL:     5   Next: 29%
Magic:  4/4        EV:  8    Int:  5    God:
Gold:   132        SH:  9    Dex: 10    Spells: 4/4 levels left

rFire    . . .     SeeInvis .   a - +0 war axe
rCold    . . .     Gourm    .   c - +0 shield
rNeg     . . .     Faith    .   b - +0 scale mail
rPois    .         Spirit   .   l - +1 hat
rElec    .         Reflect  .   (no cloak)
rCorr    .         Harm     .   (no gloves)
MR       .....                  j - +0 pair of boots
Stlth    ..........             (no amulet)
Regen    0.2/turn               (no ring)
MPRegen  0.1/turn               (no ring)

@: lethally poisoned (0 -> -30)
A: retaliatory headbutt, horns 2
a: no special abilities


You were on level 3 of the Dungeon.
You were not hungry.

You visited 1 branch of the dungeon, and saw 3 of its levels.

You collected 132 gold pieces.

Inventory:

Hand Weapons
 a - a +0 war axe (weapon)
Armour
 b - a +0 scale mail (worn)
 c - a +0 shield (worn)
 j - a +0 pair of boots (worn)
 l - a +1 hat (worn)
Scrolls
 m - 3 scrolls of identify {unknown}
 o - a scroll of remove curse {unknown}
 p - 3 scrolls of teleportation {unknown}
Potions
 f - a potion of might
 g - a potion of heal wounds {unknown}
 i - a potion of haste {unknown}
 k - a potion of mutation {unknown}
 n - 3 potions of curing {unknown}
Comestibles
 d - 2 bread rations
 e - a meat ration
 h - a royal jelly
 q - 5 chunks of flesh


   Skills:
 + Level 4.4 Fighting
 + Level 3.5 Axes
 + Level 4.6 Armour
 + Level 2.2 Dodging
 + Level 4.7 Shields


You had 4 spell levels left.
You didn't know any spells.

Dungeon Overview and Level Annotations

Branches:
Dungeon (3/15)

Altars:
Cheibriados
Fedhas
Qazlal


Innate Abilities, Weirdness & Mutations

You reflexively headbutt those who attack you in melee.
You have a pair of horns on your head.


Message History

You hit the gnoll.
You kill the gnoll!
You barely miss the gnoll.
You feel sick. The gnoll hits you but does no damage.
The gnoll hits you with a halberd of venom!
* * * LOW HITPOINT WARNING * * *
You are lethally poisoned!
You are too injured to fight recklessly!
You are too injured to fight recklessly!
You closely miss the gnoll. You headbutt the gnoll.
The gnoll is almost dead.
* * * LOW HITPOINT WARNING * * *
You feel very sick.
The gnoll hits you with a halberd of venom.
* * * LOW HITPOINT WARNING * * *
You are more poisoned.
Your shield prevents you from hitting the gnoll.
Your headbutt misses the gnoll.
The gnoll is almost dead.
You die...

## .?# #.#
####.# ..#.#
# #.#.#
###..##g#.#
......)@..#
#########.#
#.# #)#
#######.#
#.......####
#.##.......#
#.##.##.##.#
#.##....##.#


You could see a gnoll.

Vanquished Creatures
  An orc priest (D:3)
  An orc wizard (D:3)
  3 adders (D:2)
  4 gnolls
  2 worms
  3 dart slugs
  2 leopard geckos
  An orc (D:3)
  4 giant cockroaches
  3 goblins (D:1)
  2 hobgoblins (D:1)
  2 jackals (D:2)
  3 kobolds
  A ball python (D:1)
  4 bats
  A frilled lizard (D:2)
  10 rats
47 creatures vanquished.

Notes
Turn   | Place    | Note
-------+----------+-------------------------------------------
     0 | D:1      | kuniqs the Minotaur Fighter began the quest for the Orb.
     0 | D:1      | Reached XP level 1. HP: 19/19 MP: 0/0
    55 | D:1      | Reached XP level 2. HP: 26/27 MP: 1/1
   163 | D:1      | Reached skill level 1 in Dodging
   258 | D:1      | Reached XP level 3. HP: 33/33 MP: 2/2
   530 | D:2      | Found a snail-covered altar of Cheibriados.
   727 | D:2      | Found a blossoming altar of Fedhas.
   730 | D:2      | Found a stormy altar of Qazlal.
   886 | D:2      | Reached XP level 4. HP: 40/40 MP: 3/3
  1265 | D:3      | Reached XP level 5. HP: 39/47 MP: 4/4
  1323 | D:3      | Succumbed to a gnoll's poison

Skill      XL: |  1  2  3  4 |
---------------+-------------+-----
Dodging        | 1 2 |  2.2
Shields        | 4 |  4.7
Armour         | 4 |  4.6
Fighting       | 4 |  4.4
Axes           | 3 |  3.5

Action                   |  1- 3 |  4- 6 || total
-------------------------+-------+-------++-------
Melee: War axe           |    93 |    33 ||   126
       Headbutt          |    11 |     7 ||    18
  Eat: Chunk             |       |     2 ||     2
Armor: Scale mail        |    53 |     5 ||    58
Dodge: Dodged            |    33 |    12 ||    45
Block: Shield            |    45 |    13 ||    58
